 Dungeon Crawl Stone Soup version 0.26-a0-1205-g4083c211ab (webtiles) character file.

Game seed: 13696933878255140107

6687 CurlyBrace the Covert (level 10, -2/67 HPs)
             Began as a Felid Delver on Dec 29, 2020.
             Was a Priest of Cheibriados.
             Slain by a death yak (5 damage)
             ... on level 6 of the Lair of Beasts.
             The game lasted 01:00:42 (4231 turns).

CurlyBrace the Covert (Felid Delver)                Turns: 4231, Time: 01:00:42

Health: -2/67      AC: 25    Str: 16    XL:     10   Next: 73%
Magic:  15/17      EV:  4    Int: 33    God:    Cheibriados [***...]
Gold:   619        SH:  0    Dex: 33    Spells: 9/17 levels left
                                        Lives:  0   Deaths: 3

rFire    . . .     SeeInvis +     - Unarmed
rCold    . . .     Faith    .   (shield unavailable)
rNeg     + + +     Spirit   .   (armour unavailable)
rPois    +         Reflect  .   (helmet unavailable)
rElec    .         Harm     .   (cloak unavailable)
rCorr    .         Rampage  .   (gloves unavailable)
Will     +....     Rnd*Rage +   (boots unavailable) Stlth ++++++....NoTele +
                                n - amulet "Evvehoq" {rPois Regen+ Int+3}
HPRegen  0.61/turn              d - +6 ring of intelligence
MPRegen  0.15/turn              t - +6 ring of dexterity

@: lethally poisoned (-2 -> -3), tree-form, very slow
A: very small, no armour, no weapons or thrown items, stealth, see invisible,
berserk 1, clever 1, frail 1
a: Renounce Religion, Bend Time, Temporal Distortion


You were on level 6 of the Lair of Beasts.
You worshipped Cheibriados.
Cheibriados was most pleased with you.
You were a tree.
You visited 4 branches of the dungeon, and saw 17 of its levels.

You collected 619 gold pieces.

Inventory:

Jewellery
 c - an uncursed ring of protection from cold
   (You found it on level 1 of the Dungeon)
 d - a +6 ring of intelligence (left branch)
   (You found it on level 3 of the Dungeon)
 g - an uncursed ring of stealth
   (You found it on level 2 of the Dungeon)
 k - an uncursed ring of resist corrosion
   (You found it on level 6 of the Dungeon)
 l - an uncursed ring of teleportation
   (You found it on level 7 of the Dungeon)
 m - an uncursed ring of willpower
   (You found it on level 7 of the Dungeon)
 n - the amulet "Evvehoq" (around neck) {rPois Regen+ Int+3}
   (You found it on level 1 of the Lair of Beasts)

   [amulet of regeneration]

   It affects your intelligence (+3).
   It protects you from poison.
   It increases your rate of regeneration.
 t - a +6 ring of dexterity (right branch)
   (You found it on level 5 of the Lair of Beasts)
 y - an uncursed amulet of faith
   (You found it on level 5 of the Lair of Beasts)
Wands
 e - a wand of flame (11)
   (You found it on level 6 of the Lair of Beasts)
 j - a wand of acid (3)
   (You found it on level 6 of the Lair of Beasts)
 v - a wand of digging (1)
 A - a wand of iceblast (4)
   (You found it on level 4 of the Lair of Beasts)
Scrolls
 b - 2 scrolls of magic mapping
 r - 2 scrolls of identify
 x - 6 scrolls of remove curse
Potions
 h - a potion of haste
 i - a potion of lignification
 s - 5 potions of brilliance
 u - a potion of magic
 B - a potion of attraction
Miscellaneous
 a - a phantom mirror (inert)
   (You found it on level 6 of the Lair of Beasts)
 z - a condenser vane (inert)
   (You found it on level 6 of the Lair of Beasts)


   Skills:
 + Level 10.0 Fighting
 - Level 12.0 Dodging
 - Level 12.0 Stealth
 + Level 10.0 Unarmed Combat
 - Level 4.0 Spellcasting
 - Level 1.0 Conjurations
 - Level 4.0 Hexes
 - Level 1.0 Necromancy
 - Level 4.0 Translocations
 - Level 5.0 Invocations
 - Level 3.0 Evocations


You had 9 spell levels left.
You knew the following spells:

 Your Spells              Type           Power        Failure   Level
a - Apportation           Tloc           66%          1%          1
b - Animate Skeleton      Necr           26%          3%          1
c - Confusing Touch       Hex            33%          3%          3
d - Dazzling Flash        Conj/Hex       46%          5%          3

Your spell library contained the following spells:

 Spells                   Type           Power        Failure   Level
 Corona                   Hex            36%          1%          1
 Ensorcelled Hibernation  Hex/Ice        38%          3%          2
 Tukima's Dance           Hex            33%          3%          3
 Summon Small Mammal      Summ           24%          5%          1


Dungeon Overview and Level Annotations

Branches:
Dungeon (9/15)             Temple (1/1) D:5            Lair (6/6) D:8
  Slime (1/5) Lair:5
  Swamp: Lair:2-4    Shoals: Lair:2-4     Snake: Lair:2-4    Spider: Lair:2-4
    Orc: D:9-12

Altars:
Ashenzari
Cheibriados
Dithmenos
Elyvilon
Fedhas
Gozag
Hepliaklqana
Kikubaaqudgha
Makhleb
Nemelex Xobeh
Okawaru
Qazlal
Ru
Sif Muna
Uskayaw
Wu Jian
Xom
Yredelemnul
Zin
The Shining One
Jiyva

Shops:
D:5 ((   D:6 *

Annotations:
Lair:4 exclusion: hydra
Lair:6 exclusion: door, Kirke


Innate Abilities, Weirdness & Mutations

You cannot wear armour.
You are incapable of wielding weapons or throwing items.
Your paws allow you to move quietly. (Stealth)
((You have sharp claws.))
((You have razor-sharp teeth.))
You have supernaturally acute eyesight. (SInv)
((You cover ground quickly.))
((You are covered in thick fur. (AC +2)))
((Your sharp claws are effective at attacking unaware monsters.))
You tend to lose your temper in combat.
Your mind is acute. (Int +2)
You are frail. (-10% HP)


Message History

The yak bellows!
You smack the yak!
The yak is heavily wounded.
You hear a howl! x2
The yak gores the plant.
The plant begins to die.
The yak gores you!
* * * LOW HITPOINT WARNING * * *
The water moccasin barely misses you.
You hit the death yak.
The death yak is lightly wounded.
You feel sick.
The yak gores the plant!
The yak gores you but does no damage.
You smack the death yak!
You punch the death yak, but do no damage.
The death yak is lightly wounded.
The water moccasin bites you but does no damage.
The yak gores the plant! x2
The death yak gores you but does no damage.
You hit the death yak but do no damage. You punch the death yak.
The death yak is moderately wounded.
The death yak gores you.
You die...

..........,≈#.≈≈*≈≈≈≈≈≈.≈≈≈≈≈#≈P#
..........,,≈P≈≈*8≈≈≈≈≈≈S≈≈≈,#≈≈≈
...........≈≈≈≈≈#####≈≈≈≈##**#≈≈≈
[....♣.....≈*#≈≈#8≈≈≈≈≈≈≈≈≈≈8#≈≈.
.P.P...♣...≈##≈≈#≈≈≈≈≈≈≈≈≈≈≈≈#≈≈#
.......♣....≈≈≈≈#≈≈≈≈≈≈≈≈≈≈≈≈#≈≈≈
.....P..♣...≈≈†≈.≈†#≈?≈|)≈#≈≈.≈≈≈
.......P♣♣.≈##≈YS≈#†≈$≈≈≈≈≈≈≈#≈≈#
###.P........#YY♣≈≈#≈)≈≈$≈≈≈≈#≈≈,
D.#.........P≈YPY†#≈≈≈?≈$≈≈≈≈#≈≈≈
$.+..P......Y≈≈≈#≈≈≈≈≈≈≈≈≈≈≈≈#≈P≈
S.#P....Y..≈##≈≈#≈≈≈≈P≈≈≈≈≈≈≈#≈≈#
#*#........≈#.≈≈#≈≈≈≈≈≈≈≈≈≈≈8#≈≈#
......P.♣...≈≈≈≈##############≈≈≈
........♣..≈≈≈≈≈#8≈≈≈≈≈≈≈≈≈≈≈#≈P≈
........♣..≈##≈≈#≈≈††≈≈≈≈≈≈≈≈#≈≈.
P..........≈##≈†#≈≈≈≈≈≈≈≈≈≈≈≈#≈≈#


You could see 3 death yaks, 3 yaks and a water moccasin (slow).

Vanquished Creatures
  3 hydras
  A catoblepas (Lair:6)
  A merfolk avatar (Lair:6)
  A two-headed ogre (D:8)
  A sea snake (Lair:6)
  A lindwurm (Lair:6)
  4 elephants
  2 black mambas
  5 cane toads
  2 rime drakes (Lair:6)
  3 komodo dragons
  4 polar bears
  A hornet (Lair:6)
  4 blink frogs (Lair:6)
  2 wyverns
  10 yaks
  4 hogs (Lair:6)
  5 water moccasins
  3 ice beasts
  3 sky beasts
  A necrophage (D:7)
  A centaur (D:5)
  2 ogres
  2 wolves (Lair:6)
  A big kobold (D:6)
  4 bullfrogs
  A wyvern zombie (D:6)
  2 scorpions
  A bullfrog zombie (D:5)
  A quasit (D:8)
  2 hounds
  A centaur skeleton (D:6)
  A jelly (D:5)
  An orc priest (D:2)
  4 orc wizards
  5 worker ants
  5 iguanas
  A howler monkey zombie (D:6)
  A worker ant zombie (D:3)
  10 gnolls
  A howler monkey skeleton (D:7)
  8 adders
  A shadow imp (D:8)
  2 white imps
  An ooze (D:3)
  An adder zombie (D:8)
  3 worms
  A dart slug (D:3)
  4 leopard geckos
  13 orcs
  A ball python (D:3)
  4 giant cockroaches
  3 goblins
  3 hobgoblins
  8 jackals
  4 quokkas
  A bat (D:2)
  3 frilled lizards
  8 kobolds
  2 leopard gecko zombies (D:5)
  A quokka skeleton (D:3)
180 creatures vanquished.

Vanquished Creatures (collateral kills)
  A rime drake (Lair:6)
1 creature vanquished.

Vanquished Creatures (others)
  5 bushes (Lair:6)
  26 fungi
  65 plants
96 creatures vanquished.

Grand Total: 277 creatures vanquished

Notes
Turn   | Place    | Note
-------+----------+-------------------------------------------
     0 | D:5      | CurlyBrace the Felid Delver began the quest for the Orb.
     0 | D:5      | Reached XP level 1. HP: 10/10 MP: 2/2
     1 | D:6      | Noticed an ice beast
    10 | D:5      | Found a staircase to the Ecumenical Temple.
    14 | D:5      | Noticed a worker ant
    19 | Temple   | Entered the Ecumenical Temple
    51 | Temple   | Became a worshipper of Cheibriados the Contemplative
    81 | D:5      | Found Meorghoto's Antique Weapon Shoppe.
    93 | D:5      | Found Ydyucy's Antique Weapon Shoppe.
    93 | D:5      | Noticed a phantom
   101 | D:5      | Noticed a jelly
   110 | D:5      | Noticed a worker ant
   117 | D:5      | Killed a worker ant
   118 | D:5      | Reached XP level 2. HP: 9/14 MP: 3/3
   120 | D:5      | Noticed an ice beast
   262 | D:3      | Reached XP level 3. HP: 17/17 MP: 4/4
   382 | D:3      | You fall into a shaft and drop 2 floors!
   383 | D:5      | Noticed an ogre
   384 | D:5      | Killed an ogre
   385 | D:5      | Reached XP level 4. HP: 16/22 MP: 5/5
   385 | D:5      | Reached XP level 5. HP: 19/25 MP: 6/6
   385 | D:5      | Noticed a sky beast
   389 | D:5      | Noticed a centaur
   401 | D:5      | Killed a sky beast
   426 | D:4      | Noticed an ogre
   471 | D:3      | Gained mutation: You are covered in thick fur. (AC +2)
                  | [Felid growth]
   471 | D:3      | Reached XP level 6. HP: 2/29 MP: 7/7
   487 | D:3      | HP: 1/29 [orc (3)]
   487 | D:3      | Slain by a goblin
   488 | D:3      | Reached XP level 5. HP: -3/25 MP: 6/6
   513 | D:2      | Reached * piety under Cheibriados
   813 | D:1      | Reached ** piety under Cheibriados
  1084 | D:2      | Found a shimmering altar of Xom.
  1226 | D:3      | Reached XP level 6. HP: 30/30 MP: 7/7
  1245 | D:3      | Reached skill level 5 in Fighting
  1254 | D:3      | Reached skill level 5 in Unarmed Combat
  1399 | D:3      | Learned a level 1 spell: Apportation
  1401 | D:3      | Learned a level 1 spell: Animate Skeleton
  1533 | D:5      | Reached skill level 5 in Dodging
  1549 | D:5      | Killed an ice beast
  1550 | D:5      | Reached skill level 1 in Evocations
  1550 | D:5      | Reached XP level 7. HP: 21/33 MP: 7/9
  1589 | D:5      | Reached skill level 1 in Spellcasting
  1625 | D:5      | Found a shadowy altar of Dithmenos.
  1685 | D:6      | Reached *** piety under Cheibriados
  1774 | D:6      | Reached skill level 1 in Translocations
  1781 | D:7      | Reached XP level 8. HP: 36/38 MP: 11/11
  1800 | D:7      | Reached skill level 1 in Necromancy
  1800 | D:7      | Reached skill level 1 in Invocations
  1877 | D:7      | Found a shadowy altar of Dithmenos.
  1939 | D:7      | Found a sacrificial altar of Ru.
  2258 | D:6      | Found an opulent altar of Gozag.
  2258 | D:6      | Found Gozag's Platinum Reserve.
  2397 | D:6      | Reached **** piety under Cheibriados
  2477 | D:6      | Found a hide-covered altar of Uskayaw.
  2559 | D:7      | Reached XP level 9. HP: 24/43 MP: 13/13
  2874 | D:8      | Found a glowing silver altar of Zin.
  2874 | D:8      | Noticed a two-headed ogre
  2895 | D:8      | Killed a two-headed ogre
  2951 | D:8      | Found a staircase to the Lair.
  2959 | Lair:1   | Entered Level 1 of the Lair of Beasts
  2975 | D:8      | Gained mutation: You tend to lose your temper in combat.
                  | [potion of mutation]
  2975 | D:8      | Gained mutation: You are frail. (-10% HP) [potion of
                  | mutation]
  2975 | D:8      | Gained mutation: Your mind is acute. (Int +2) [potion of
                  | mutation]
  2996 | Lair:1   | Got a translucent golden amulet
  3002 | Lair:1   | Identified the amulet "Evvehoq" {rPois Regen+ Int+3} (You
                  | found it on level 1 of the Lair of Beasts)
  3003 | Lair:2   | Noticed a black mamba
  3047 | Lair:1   | Noticed a cane toad
  3085 | Lair:4   | Noticed a seven-headed hydra
  3090 | Lair:4   | Noticed a cane toad
  3093 | Lair:4   | Killed a cane toad
  3094 | Lair:4   | Reached XP level 10. HP: 44/44 MP: 16/16
  3111 | Lair:4   | Noticed a black mamba
  3121 | Lair:4   | Killed a black mamba
  3155 | Lair:5   | Noticed a cane toad
  3246 | Lair:5   | Noticed an eight-headed hydra
  3286 | Lair:5   | Found a viscous altar of Jiyva.
  3286 | Lair:5   | Noticed a four-headed hydra
  3307 | Lair:5   | Found a staircase to the Slime Pits.
  3374 | Slime:1  | Entered Level 1 of the Pits of Slime
  3374 | Slime:1  | Noticed a great orb of eyes
  3391 | Lair:5   | You fall into a shaft and drop 1 floor!
  3391 | Lair:6   | Entered Level 6 of the Lair of Beasts
  3394 | Lair:6   | Noticed a seven-headed hydra
  3394 | Lair:6   | Noticed an anaconda
  3402 | Lair:6   | Noticed a death yak
  3402 | Lair:6   | Noticed a black mamba
  3402 | Lair:6   | Noticed a death yak
  3404 | Lair:6   | Noticed a death yak
  3405 | Lair:6   | Noticed an elephant
  3427 | Lair:5   | Noticed a black mamba
  3432 | Lair:5   | Killed a black mamba
  3445 | Lair:5   | Noticed a cane toad
  3450 | Lair:5   | Killed a cane toad
  3487 | Lair:6   | Noticed an elephant
  3492 | Lair:6   | Noticed an elephant
  3494 | Lair:6   | Noticed an elephant
  3497 | Lair:6   | Noticed an elephant
  3515 | Lair:6   | Killed an elephant
  3540 | Lair:6   | Noticed an elephant
  3549 | Lair:5   | Killed an elephant
  3554 | Lair:5   | Learned a level 3 spell: Confusing Touch
  3558 | Lair:5   | Learned a level 3 spell: Dazzling Flash
  3624 | Lair:5   | Killed a cane toad
  3624 | Lair:5   | Reached ***** piety under Cheibriados
  3625 | Lair:5   | Reached skill level 1 in Hexes
  3640 | Lair:5   | Killed a four-headed hydra
  3641 | Lair:5   | Reached skill level 10 in Stealth
  3641 | Lair:5   | Reached skill level 1 in Conjurations
  3686 | Lair:6   | Noticed a four-headed hydra
  3702 | Lair:5   | Killed an eight-headed hydra
  3703 | Lair:5   | Reached skill level 10 in Dodging
  3703 | Lair:5   | Reached XP level 11. HP: 47/47 MP: 18/18
  3713 | Lair:6   | Noticed a seven-headed hydra
  3773 | Lair:6   | Noticed a sea snake
  3820 | Lair:6   | Killed from afar by a wind drake
  3821 | Lair:6   | Reached XP level 10. HP: -10/44 MP: 17/17
  3821 | Lair:6   | Noticed a cane toad
  3851 | Lair:6   | Killed a cane toad
  3884 | Lair:6   | Killed a cane toad
  3885 | Lair:6   | Reached skill level 10 in Fighting
  3885 | Lair:6   | Reached skill level 10 in Unarmed Combat
  3981 | Lair:6   | Killed an elephant
  4030 | Lair:6   | Killed a seven-headed hydra
  4071 | Lair:6   | Noticed a lindwurm
  4083 | Lair:6   | Killed a lindwurm
  4084 | Lair:6   | Reached XP level 11. HP: 30/48 MP: 18/18
  4093 | Lair:6   | Noticed a catoblepas
  4111 | Lair:6   | Reached skill level 5 in Invocations
  4123 | Lair:6   | Killed a catoblepas
  4131 | Lair:6   | Noticed a merfolk avatar
  4134 | Lair:6   | Noticed Kirke
  4153 | Lair:6   | Killed a merfolk avatar
  4161 | Lair:6   | Slain by Kirke
  4162 | Lair:6   | Reached XP level 10. HP: 0/45 MP: 4/17
  4189 | Lair:6   | Noticed a sea snake
  4217 | Lair:6   | Killed a sea snake
  4219 | Lair:6   | Noticed a death yak
  4227 | Lair:6   | Noticed a death yak
  4228 | Lair:6   | HP: 2/67 [yak (10)]
  4231 | Lair:6   | Slain by a death yak

Illustrated notes

Levels and vault maps discovered:
D:1:      dpeg_arrival_tiny_a, layout_basic, minmay_tall_x
D:2:      layout_loops_corners, lemuel_doored_altar, general_overflow_altar
D:3:      layout_loops_cross
D:4:      layout_loops_ring, vehumet_altar_wand_db
D:5:      layout_cave_pools, nicolae_dithmenos_through_a_glass_darkly,
          minmay_temple_entry_junction_2, serial_shops, shop, shop
D:6:      layout_layer_cave, nicolae_gozag_zags_fifth_avenue,
          kennysheep_little_box, nicolae_ru_the_path_less_chosen
D:7:      layout_loops_cross, lemuel_round_altar, amcnicky_altar_gilded,
          uniq_prince_ribbit1
D:8:      layout_basic, nicolae_overflow_crystal_walls, lair_entry_dummy
D:9:      layout_basic, orc_0_dummy, special_room [special_room_orc], uniq_grum,
          uniq_psyche
Temple:   nicolae_temple_great_sept
Lair:1:   layout_long_grid, grunt_megastairs_4
Lair:2:   layout_hall_layers, hibernation_bobbens
Lair:3:   layout_big_grid, nicolae_spider_entry_tight_spaces,
          serial_bayou_lagoon_b, infiniplex_staircase_pool_2
Lair:4:   layout_misc_corridors, minmay_swamp_entry_worms, lemuel_fruit_fields
Lair:5:   layout_cave_pods, slime_altar_1
Lair:6:   gammafunk_lair_ancient_temple, layout_cave_pods,
          grunt_forest_large_clearing_hut, uniq_kirke
Slime:1:  layout_caves, basic_altar

Skill      XL: |  1  2  3  4  5  6  7  8  9 10 11 |
---------------+----------------------------------+-----
Dodging        | 3 4 5 7 8 12 11 | 12.0
Stealth        | 7 8 12 11 | 12.0
Unarmed Combat | 3 4 5 6 7 8 10 | 10.0
Fighting       | 4 5 6 7 8 10 | 10.0
Evocations     | 1 2 3 |  3.0
Spellcasting   | 1 2 3 4 |  4.0
Translocations | 1 2 4 |  4.0
Necromancy     | 1 |  1.0
Invocations    | 1 2 4 5 |  5.0
Hexes          | 4 |  4.0
Conjurations   | 1 |  1.0

Action                   |  1- 3 |  4- 6 |  7- 9 | 10-12 || total
-------------------------+-------+-------+-------+-------++-------
Melee: Unarmed           |    16 |   172 |   196 |   214 ||   598
       Bite              |     2 |    13 |    26 |    45 ||    86
       Punch             |       |     1 |     7 |    25 ||    33
 Cast: Apportation       |       |     2 |    39 |    25 ||    66
       Animate Skeleton  |       |       |       |     8 ||     8
Invok: Bend Time         |       |       |       |     2 ||     2
       Slouch            |       |       |       |     5 ||     5
Evoke: Wand              |       |     6 |     9 |    18 ||    33
       Condenser vane    |       |       |       |     1 ||     1
       Phantom mirror    |       |       |       |     1 ||     1
  Use: Scroll            |     1 |     5 |     8 |    11 ||    25
       Potion            |     2 |     3 |    11 |     9 ||    25
 Stab: Sleeping          |     4 |    19 |    10 |     6 ||    39
       Invisible         |       |       |     9 |     3 ||    12
       Confused          |       |       |       |     1 ||     1
       Distracted        |       |       |       |     1 ||     1
Armor: Skin              |       |     9 |    34 |    63 ||   106
Dodge: Dodged            |    12 |   107 |   173 |   240 ||   532

Table legend: (Time is in decaauts)
 A = Elapsed time spent in this place.
 B = Non-inter-level travel time spent in this place.
 C = Inter-level travel time spent in this place.
 D = Time resting spent in this place.
 E = Time spent auto-exploring this place.
 F = Levels seen in this place.
 G = Mean time per level.
                   A        B        C        D        E       F      G
               +--------+--------+--------+--------+--------+-----+--------+
         Total |   5372 |   5335 |     37 |    107 |      0 |  17 |  316.0 |
       Dungeon |   3615 |   3588 |     27 |     56 |      0 |   9 |  401.7 |
        Temple |     37 |     28 |      9 |      0 |      0 |   1 |   37.0 |
          Lair |   1718 |   1718 |      0 |     51 |      0 |   6 |  286.3 |
    Slime Pits |      1 |      1 |      0 |      0 |      0 |   1 |    1.0 |
               +--------+--------+--------+--------+--------+-----+--------+

Top non-repeatable levels by time:
  Lair:6: 754 daAuts
  Lair:5: 739 daAuts
     D:6: 646 daAuts
     D:7: 573 daAuts
     D:8: 508 daAuts
     D:3: 463 daAuts
     D:2: 413 daAuts
     D:5: 376 daAuts
     D:4: 328 daAuts
     D:1: 297 daAuts
  Lair:1: 109 daAuts
  Lair:4: 81 daAuts
  Temple: 37 daAuts
  Lair:3: 19 daAuts
  Lair:2: 13 daAuts
